 Dungeon Crawl Stone Soup version 0.28-a0-687-gb91baff9cc (webtiles) character file.

Game seed: 13806203942449384878

1313 funkygono the Firebug (level 8, -3/42 HPs)
             Began as a Gargoyle Fire Elementalist on Oct 16, 2021.
             Slain by an ice beast (11 damage)
             ... on level 6 of the Dungeon on Oct 19, 2021.
             The game lasted 00:14:47 (6822 turns).

funkygono the Firebug (Gargoyle Fire Elementalist)  Turns: 6822, Time: 00:14:48

Health: -3/42      AC: 10    Str: 12    XL:     8   Next: 58%
Magic:  17/17      EV: 12    Int: 18    God:
Gold:   341        SH:  0    Dex: 10    Spells: 9/19 levels left

rFire   . . .      SeeInvis .   d - +2 whip
rCold   . . .      Faith    .   (no shield)
rNeg    + . .      Spirit   .   a - +0 robe
rPois   ∞          Reflect  .   (no helmet)
rElec   +          Harm     .   h - +2 cloak
rCorr   .          Rampage  .   (no gloves)
Will    .....                   (no boots)
Stlth   ++........              (no amulet)
HPRegen 0.14/turn               (no ring)
MPRegen 0.15/turn               (no ring)

@: no status effects
A: sickness immunity, AC +5, negative energy resistance 1, electricity
resistance, torment resistance 1, petrification resistance
a: no special abilities


You were on level 6 of the Dungeon.
You visited 1 branch of the dungeon, and saw 6 of its levels.

You collected 341 gold pieces.

Inventory:

Hand Weapons
 d - a +2 whip (weapon)
 g - a +0 mace
Missiles
 c - 273 stones
Armour
 a - a +0 robe (worn)
 h - a +2 cloak (worn)
Jewellery
 o - an amulet of guardian spirit
Wands
 i - a wand of digging (6)
Scrolls
 l - a scroll of silence
 p - a scroll of blinking
Potions
 b - a potion of lignification
 e - 2 potions of might
 f - a potion of brilliance {unknown}
 j - 2 potions of heal wounds {unknown}
 k - a potion of resistance {unknown}
 m - a potion of haste {unknown}
 n - 2 potions of curing {unknown}
 q - 3 potions of invisibility {unknown}
 s - 2 potions of ambrosia {unknown}


   Skills:
 + Level 0.4 Fighting
 + Level 0.5 Maces & Flails
 + Level 2.0 Dodging
 - Level 2.1 Stealth
 * Level 6.2 Spellcasting
 * Level 4.9 Conjurations
 * Level 6.7 Fire Magic


You had 9 spell levels left.
You knew the following spells:

 Your Spells              Type           Power      Damage    Failure   Level
a - Foxfire               Conj/Fire      100%       2x1d9     1%          1
b - Scorch                Fire           58%        2d7       1%          2
c - Conjure Flame         Conj/Fire      26%        6-21      3%          3
d - Flame Wave            Conj/Fire      26%        3d6       11%         4

Your spell library contained the following spells:

 Spells                   Type           Power      Damage    Failure   Level
 Inner Flame              Hex/Fire       17%        N/A       9%          3
 Animate Skeleton         Necr           10%        N/A       12%         1
 Apportation              Tloc           10%        N/A       12%         1
 Summon Small Mammal      Summ           20%        N/A       12%         1
 Ozocubu's Armour         Ice            5%         N/A       34%         3
 Ozocubu's Refrigeration  Ice            2%         4d5       100%        7


Dungeon Overview and Level Annotations

Branches:
Dungeon (6/15)
 Temple: D:4-7

Altars:

Shops:
D:1 *


Innate Abilities, Weirdness & Mutations

You are immune to sickness and miasma.
Your stone body is resilient. (AC +5)
You are immune to poison.
You resist negative energy. (rN+)
You are resistant to electric shocks. (rElec)
You are resistant to unholy torment.
You are immune to petrification.


Message History

Unknown command.
Your foxfire dissipates!
The wight is no longer more vulnerable to fire.
The orc warrior shouts!
An orc comes into view. It is wielding a +0 mace.
The orc shouts!
You barely miss the orc warrior.
An orc comes into view. It is wielding a +0 morningstar.
The orc warrior barely misses you.
An ice beast comes into view.
The wight hits you with a +3 short sword.
A howler monkey comes into view.
The orc shouts!
The orc closely misses you.
The orc warrior hits you but does no damage.
Blink to where?
Press: ? - help, Dir - move target
As you read the scroll of blinking, it crumbles to dust.
There is a stone staircase leading up here.
You climb upwards.
There is a stone staircase leading down here.
You start resting.
Magic restored.
You start resting.
HP restored.
You climb downwards.
The orc closely misses you.
The orc warrior hits you with a +0 mace!
The orc hits you but does no damage. The wight closely misses you.
The ice beast hits you but does no damage.
The orc hits you but does no damage.
The orc warrior hits you with a +0 mace!
The wight closely misses you. The orc closely misses you.
There is a stone staircase leading up here.
The howler monkey howls!
The wight hits you with a +3 short sword.
* * * LOW HITPOINT WARNING * * *
The ice beast hits you.
* * * LOW HITPOINT WARNING * * *
The ice beast freezes you!
You die...

#..#..o.$.
#..#####..
#.z#......
#.z#......
#..#..#### #5.#..#
## #.z#..# #..####
#..# .+ #...Y######
# #..########
##z@o...# .##
#.z.z.5...#
##.ozo...##..#
#########.#
#.............. #z#
#.........#..?# #z#
#........>#..##
#.###.............#
#.5##...h.....###..#
##.##..............
#§...........####.


You could see an orc warrior, an ice beast, a howler monkey, 2 wights and 2
orcs.

Vanquished Creatures
  A sky beast (D:5)
  An ice beast (D:5)
  A necrophage (D:3)
  3 ogres
  A phantom (D:6)
  A gnoll sergeant (D:5)
  A scorpion (D:4)
  A wight (D:6)
  A howler monkey (D:4)
  A hound (D:5)
  A centaur skeleton (D:5)
  A jelly (D:6)
  A bullfrog skeleton (D:5)
  A gnoll shaman (D:5)
  2 iguanas (D:3)
  Ijyb (D:3)
  2 orc wizards
  A howler monkey zombie (D:5)
  5 gnolls (D:5)
  5 adders
  A shadow imp (D:4)
  An ufetubus (D:6)
  An adder skeleton (D:5)
  4 dart slugs
  12 orcs
  10 endoplasms
  5 giant cockroaches
  7 goblins
  5 hobgoblins
  7 jackals
  7 quokkas
  11 ball pythons
  6 bats
  5 frilled lizards
  13 kobolds
  8 rats
135 creatures vanquished.

Vanquished Creatures (others)
  439 foxfires
439 creatures vanquished.

Grand Total: 574 creatures vanquished

Notes
Turn   | Place    | Note
-------+----------+-------------------------------------------
     0 | D:1      | funkygono the Gargoyle Fire Elementalist began the quest
                  | for the Orb.
     0 | D:1      | Reached XP level 1. HP: 10/10 MP: 3/3
   213 | D:1      | Upgraded the game from 0.28-a0-664-gc179e30c89 to
                  | 0.28-a0-674-gdaf460b524
   220 | D:1      | Reached XP level 2. HP: 15/15 MP: 3/5
   245 | D:1      | Learned a level 2 spell: Scorch
   968 | D:1      | Reached XP level 3. HP: 19/19 MP: 2/6
   972 | D:1      | Learned a level 3 spell: Conjure Flame
  1310 | D:1      | Found Xeoqosityih's Assorted Antiques.
  1669 | D:2      | Found a faded altar of an unknown god.
  1679 | D:2      | Reached XP level 4. HP: 24/24 MP: 3/7
  2383 | D:3      | Reached XP level 5. HP: 26/28 MP: 1/9
  2536 | D:3      | Noticed Ijyb
  2565 | D:3      | Killed Ijyb
  2701 | D:3      | Noticed a necrophage
  2708 | D:3      | Killed a necrophage
  2709 | D:3      | Reached XP level 6. HP: 32/32 MP: 4/12
  2714 | D:3      | Learned a level 4 spell: Flame Wave
  2971 | D:3      | You fall into a shaft and drop 2 floors!
  2971 | D:5      | Entered Level 5 of the Dungeon
  3283 | D:4      | Reached skill level 5 in Fire Magic
  3283 | D:4      | Reached XP level 7. HP: 31/36 MP: 0/13
  4482 | D:3      | Upgraded the game from 0.28-a0-674-gdaf460b524 to
                  | 0.28-a0-687-gb91baff9cc
  4874 | D:4      | Reached skill level 5 in Spellcasting
  5519 | D:5      | Reached XP level 8. HP: 42/42 MP: 3/15
  6822 | D:6      | Slain by an ice beast

Illustrated notes

Levels and vault maps discovered:
D:1:      eino_arrival_cavern_c, layout_loops_corners, serial_shops, shop
D:2:      layout_rooms, shapermc_ecumenical_altar_totnotflames
D:3:      layout_basic, serial_rivers, chequers_serial_rivers_small_3,
          chequers_serial_rivers_small_a, chequers_serial_rivers_small_3,
          chequers_serial_rivers_large_b, chequers_serial_rivers_micro_a,
          minmay_starry_boxes, uniq_ijyb
D:4:      layout_layer_cave, minmay_fractal_squares_5
D:5:      layout_loops_ring, kennysheep_opposing_triangles
D:6:      kennysheep_windowed_halls, layout_rooms, marbit_many_paths,
          centaur_isle

Skill      XL: |  1  2  3  4  5  6  7  8 |
---------------+-------------------------+-----
Fire Magic     | 4 5 6 |  6.7
Spellcasting   | 3 4 5 6 |  6.2
Conjurations   | 2 3 4 |  4.9
Dodging        | 2 |  2.0
Fighting       | |  0.4
Maces & Flails | |  0.5
Stealth        | |  2.1

Action                   |  1- 3 |  4- 6 |  7- 9 || total
-------------------------+-------+-------+-------++-------
Melee: Whip              |    11 |    27 |    21 ||    59
 Cast: Foxfire           |    54 |    99 |   111 ||   264
       Scorch            |     4 |     6 |    19 ||    29
  Use: Scroll            |     2 |       |     9 ||    11
 Stab: Sleeping          |     1 |       |       ||     1
Armor: Robe              |    10 |    20 |    26 ||    56
Dodge: Dodged            |    18 |    31 |    43 ||    92

Table legend: (Time is in decaauts)
 A = Elapsed time spent in this place.
 B = Non-inter-level travel time spent in this place.
 C = Inter-level travel time spent in this place.
 D = Time resting spent in this place.
 E = Time spent auto-exploring this place.
 F = Levels seen in this place.
 G = Mean time per level.
                   A        B        C        D        E       F      G
               +--------+--------+--------+--------+--------+-----+--------+
         Total |   6891 |   6800 |     91 |    152 |   5553 |   6 | 1148.5 |
       Dungeon |   6891 |   6800 |     91 |    152 |   5553 |   6 | 1148.5 |
               +--------+--------+--------+--------+--------+-----+--------+

Top non-repeatable levels by time:
     D:3: 1677 daAuts
     D:5: 1458 daAuts
     D:1: 1359 daAuts
     D:4: 1329 daAuts
     D:2: 852 daAuts
     D:6: 212 daAuts
